 Dungeon Crawl Stone Soup version 0.28.0-53-g5a82cb258f (webtiles) character file.

Game seed: 11598568450237807871

30 issech the Skirmisher (level 3, -4/33 HPs)
             Began as a Minotaur Monk on May 27, 2022.
             Slain by Terence
             ... wielding a +4 vorpal flail
              (10 damage)
             ... on level 2 of the Dungeon.
             The game lasted 00:02:49 (761 turns).

issech the Skirmisher (Minotaur Monk)                Turns: 761, Time: 00:02:50

Health: -4/33      AC:  6    Str: 15    XL:     3   Next: 5%
Magic:  2/2        EV: 10    Int:  7    God:
Gold:   8          SH:  0    Dex: 14    Spells: 2/2 levels left

rFire   . . .      SeeInvis .   h - +2 whip (drain)
rCold   . . .      Faith    .   (no shield)
rNeg    . . .      Spirit   .   i - +0 scale mail
rPois   .          Reflect  .   (helmet restricted)
rElec   .          Harm     .   (no cloak)
rCorr   .          Rampage  .   (no gloves)
Will    .....                   (no boots)
Stlth   +.........              (no amulet)
HPRegen 0.11/turn               (no ring)
MPRegen 0.08/turn               (no ring)

@: no status effects
A: horns 2, retaliatory headbutt
a: no special abilities


You were on level 2 of the Dungeon.
You visited 1 branch of the dungeon, and saw 2 of its levels.

You collected 8 gold pieces.

Inventory:

Hand Weapons
 a - a +0 hand axe
 d - a +0 spear
 h - a +2 whip of draining (weapon)
 j - a +0 club
 k - a +0 dagger
 o - a +0 club
 p - a +0 club
 q - a +0 dagger
 r - a +0 short sword of venom
Missiles
 e - 74 stones (quivered)
 l - 6 poisoned darts
 m - 3 boomerangs of dispersal
Armour
 b - a +0 robe
 c - a +0 leather armour
 i - a +0 scale mail (worn)
 n - a +0 robe
Scrolls
 f - a scroll of blinking {unknown}
 g - a scroll of summoning {unknown}


   Skills:
 + Level 4.2 Fighting
 + Level 4.0 Axes
 + Level 0.9 Armour
 + Level 3.6 Dodging
 + Level 1.6 Stealth


You had 2 spell levels left.
You didn't know any spells.
Your spell library was empty.

Dungeon Overview and Level Annotations

Branches:
Dungeon (2/15)

Altars:

Annotations:
D:2 Terence


Innate Abilities, Weirdness & Mutations

You have a pair of horns on your head.
You reflexively headbutt those who attack you in melee.


Message History

The ball python constricts you.
You hit the ball python. You headbutt the ball python.
You kill the ball python!
You see here a ball python corpse.
Terence and a worm come into view.
Terence is wielding a +4 vorpal flail.
Terence shouts!
You hear a shout!
Found a scroll labelled JOLAUD RAPSO.
You hit the worm.
The worm is moderately wounded.
The worm closely misses you.
A kobold comes into view. It is wielding a +0 dagger.
You whack the worm!
You headbutt the worm, but do no damage.
The worm is severely wounded.
Terence says, "Don't bother to defend, it's senseless."
You completely miss Terence. Terence closely misses you.
The worm bites you but does no damage.
You closely miss Terence. You headbutt Terence!
Terence is heavily wounded.
Terence hits you with a +4 vorpal flail!
The worm barely misses you.
You closely miss Terence.
Terence is heavily wounded.
Terence hits you with a +4 vorpal flail.
You hit Terence.
Terence is heavily wounded.
Terence hits you with a +4 vorpal flail!
The worm bites you.
* * * LOW HITPOINT WARNING * * *
You hit Terence but do no damage.
Terence is heavily wounded.
Terence hits you with a +4 vorpal flail.
* * * LOW HITPOINT WARNING * * *
x2 The kobold throws a stone.
The stone hits you but does no damage.
A hobgoblin comes into view.
The hobgoblin shouts!
You hear a shout!
You hear an angry hiss. x2
A kobold comes into view. It is wielding a +0 club.
There is a stone staircase leading up here.
Terence hits you with a +4 vorpal flail!
You die...

#. #.. ... . #.. #.. .
##.####.# # #.....#.# #
############.....#.###
##.....#..........#....
##.................#....
#......@@.K..........###
#.......g.K........w...#
#....................###
#.......................
#.......................
##......................
##.....#.....†.........
##########...........#
#..##........#


You could see Terence, a hobgoblin and 2 kobolds.

Vanquished Creatures
  A dart slug (D:1)
  6 ball pythons
  4 bats
  2 giant cockroaches (D:1)
  4 goblins (D:1)
  3 jackals (D:1)
  A kobold (D:1)
  3 frilled lizards (D:1)
  2 rats (D:1)
26 creatures vanquished.

Notes
Turn   | Place    | Note
-------+----------+-------------------------------------------
     0 | D:1      | issech the Minotaur Monk began the quest for the Orb.
     0 | D:1      | Reached XP level 1. HP: 19/19 MP: 0/0
   283 | D:1      | Reached XP level 2. HP: 25/27 MP: 1/1
   702 | D:2      | Reached XP level 3. HP: 33/33 MP: 2/2
   725 | D:2      | Noticed Terence
   761 | D:2      | Slain by Terence

Illustrated notes

Levels and vault maps discovered:
D:1:      ncdulo_watergridlock, layout_basic
D:2:      layout_rooms, basic_ecumenical_altar, minmay_misc_feat_nine_boxes,
          dk_vineyard_1, amcnicky_mini_rare_corridor_liquid, uniq_terence

Skill      XL: |  1  2 |
---------------+-------+-----
Axes           | 4 |  4.0
Fighting       | 4 |  4.2
Armour         | |  0.9
Dodging        | |  3.6
Stealth        | |  1.6

Action                   || total
-------------------------++-------
Melee: Hand axe          ||    16
       Headbutt          ||     7
       Whip              ||    40
       Punch             ||     1
Armor: Leather armour    ||     9
       Scale mail        ||    15
Dodge: Dodged            ||    27
